 Dungeon Crawl Stone Soup version 0.30.1-1-g62c8e00024 (webtiles) character file.

Game seed: 7260879935955736438

59 Peloso the Covered (level 3, -3/33 HPs)
             Began as a Minotaur Fighter on July 17, 2023.
             Killed by divine providence
             ... invoked by an orc priest
              (12 damage)
             ... on level 4 of the Dungeon.
             The game lasted 00:02:44 (1896 turns).

Peloso the Covered (Minotaur Fighter)               Turns: 1896, Time: 00:02:45

Health: -3/33      AC:  7    Str: 18 (20) XL:     3   Next: 78%
Magic:  2/2        EV:  9    Int:  4 (5)  God:
Gold:   155        SH:  4    Dex:  9 (11) Spells: 2/2 levels left

rFire   . . .        a - +0 long sword
rCold   . . .        c - +0 buckler
rNeg    . . .        b - +0 scale mail
rPois   .            (helmet restricted)
rElec   .            (no cloak)
rCorr   .            (no gloves)
SInv    .            (no boots)
Will    .....        (no amulet) Stlth
                     (no ring)
HPRegen 0.25/turn    (no ring)
MPRegen 0.08/turn

%: no passive effects
@: hasted, very quick
A: horns 2, retaliatory headbutt
a: no special abilities


You were on level 4 of the Dungeon.
You visited 1 branch of the dungeon, and saw 4 of its levels.

You collected 155 gold pieces.

Inventory:

Hand Weapons
 a - a +0 long sword (weapon)
Missiles
 j - a throwing net (quivered)
Armour
 b - a +0 scale mail (worn)
 c - a +0 buckler (worn)
Jewellery
 e - a +5 ring of evasion
 m - an amulet of faith
Scrolls
 g - 2 scrolls of vulnerability {unknown}
 h - a scroll of immolation {unknown}
 i - a scroll of amnesia {unknown}
 k - a scroll of teleportation {unknown}
 l - a scroll of poison {unknown}
 n - a scroll of blinking {unknown}
 p - a scroll of identify {unknown}
Potions
 d - 2 potions of might
 f - a potion of curing
 q - a potion of mutation {unknown}


   Skills:
 + Level 4.2 Fighting
 + Level 3.2 Long Blades
 + Level 4.2 Armour
 + Level 4.2 Shields


You had 2 spell levels left.
You didn't know any spells.
Your spell library contained the following spells:

 Spells                   Type           Power      Damage    Failure   Level
 Lesser Beckoning         Tloc           0%         N/A       97%         2
 Gell's Gravitas          Tloc           0%         N/A       100%        3
 Portal Projectile        Hex/Tloc       0%         N/A       100%        3
 Teleport Other           Tloc           0%         N/A       100%        3
 Tukima's Dance           Hex            0%         N/A       100%        3
 Blade Hands              Tmut           0%         N/A       100%        5


Dungeon Overview and Level Annotations

Branches:
Dungeon (4/15)
 Temple: D:4-7

Altars:
Elyvilon

Annotations:
D:3 Grinder


Innate Abilities, Weirdness & Mutations

You have a pair of horns on your head.
You reflexively headbutt those who attack you in melee.


Message History

Sigmund is lightly wounded.
Sigmund barely misses you.
You completely miss Sigmund. Your headbutt misses Sigmund.
Sigmund is lightly wounded.
Sigmund hits you but does no damage.
You closely miss Sigmund.
Sigmund is lightly wounded.
An orc comes into view. It is wielding a +0 club.
You closely miss Sigmund.
Sigmund is lightly wounded.
Sigmund barely misses you.
An orc comes into view. It is wielding a +0 morningstar.
You slash Sigmund!
Sigmund is heavily wounded.
Sigmund mumbles some strange words.
Sigmund flickers and vanishes!
Deactivating autopickup; reactivate with Ctrl-A.
Something hits you. The orc hits you but does no damage.
You hit something. The orc hits you with a +0 club.
You closely miss something. Your headbutt misses something. Something hits you!
You hit something.
An orc priest comes into view. It is wielding a +0 whip.
Something hits you! The orc hits you with a +0 morningstar.
* * * LOW HITPOINT WARNING * * *
You completely miss something. Something hits you but does no damage.
The orc barely misses you.
You closely miss something. Your headbutt misses something.
The orc barely misses you. Something hits you.
* * * LOW HITPOINT WARNING * * *
Unknown command.
You feel better. The orc hits you with a +0 morningstar. Something hits you.
* * * LOW HITPOINT WARNING * * *
It was a potion of haste.
You feel yourself speed up. The orc completely misses you.
You hit something but do no damage. You headbutt something.
Reactivating autopickup.
You feel a bit more experienced.
The orc priest calls down the wrath of Beogh upon you.
Beogh smites you!
You die...

.###
...##
....##
.....#.
.......
##.......
#......#
#)####.#
#@# #o#
#oo....#
#......#
##.....#
.....#
."...#
######


You could see an orc priest and 2 orcs.

Vanquished Creatures
  Sigmund (D:4)
  3 adders
  A dart slug (D:3)
  6 ball pythons
  An endoplasm (D:2)
  A giant cockroach (D:3)
  3 goblins
  3 hobgoblins
  A quokka (D:1)
  3 bats (D:1)
  A frilled lizard (D:2)
  5 kobolds
  3 rats
32 creatures vanquished.

Notes
Turn   | Place    | Note
-------+----------+-------------------------------------------
     0 | D:1      | Peloso the Minotaur Fighter began the quest for the Orb.
     0 | D:1      | Reached XP level 1. HP: 19/19 MP: 0/0
   326 | D:1      | Reached XP level 2. HP: 27/27 MP: 1/1
  1446 | D:2      | Reached XP level 3. HP: 33/33 MP: 2/2
  1525 | D:2      | Noticed an ogre
  1750 | D:3      | Found a white marble altar of Elyvilon.
  1825 | D:3      | Noticed Grinder
  1875 | D:4      | Noticed Sigmund
  1896 | D:4      | Killed Sigmund
  1896 | D:4      | Killed from afar by an orc priest

Illustrated notes

Levels and vault maps discovered:
D:1:      dpeg_arrival_tiny_k, layout_basic, corner_web_ring,
          chequers_serial_rivers_large_b
D:2:      layout_basic
D:3:      layout_loops_corners, mainiacjoe_overflow_small_starburst,
          uniq_grinder
D:4:      layout_loops_cross, dk_yredelemnul_ordeal, slow_altar_2,
          nicolae_qazlal_general_emergency, due_unseen_surprise, uniq_menkaure,
          uniq_robin, uniq_sigmund, uniq_pikel, uniq_eustachio

Skill      XL: |  1  2  3 |
---------------+----------+-----
Armour         | 4 |  4.2
Long Blades    | 3 |  3.2
Shields        | 4 |  4.2
Fighting       | 4 |  4.2

Action                     || total
---------------------------++-------
  Melee: Long sword        ||    75
         Headbutt          ||     8
    Use: Potion            ||     8
 Armour: Scale mail        ||    38
  Dodge: Dodged            ||    33
  Block: Buckler           ||    15
